Map: Cerulean Fall LE

Players

Piroxiljin

  • Race: Terran Terran
  • Spawn Location: 1:00

A.I. 1 (Hard) - Winner!

  • Race: Terran Terran
  • Spawn Location: 7:00

VOD

Have the link to the VOD?

Description

Time

  • Played on: Jan. 17, 2019, 11:57 a.m.
  • Length: 7:26
Show
View Real Time Build Order
Export as new Build Order

Piroxiljin Terran 

Build Orders:  

Get SALT Encoding   

  12  0:01  SCV  
  13  0:15  SCV  
  13  0:19  Supply Depot  
  14  0:27  Refinery  
  14  0:31  SCV  
  15  0:43  SCV  
  16  0:57  Barracks  
  16  1:00  SCV  
  17  1:18  Refinery  
  17  1:19  SCV  
  18  1:32  SCV  
  19  1:49  Factory  
  19  1:56  Barracks Reactor  
  19  1:59  Orbital Command  
  19  2:17  Supply Depot  
  19  2:25  SCV  
  20  2:51  Hellion  
  22  3:07  Supply Depot  
  22  3:10  Marine  
  22  3:11  Barracks  
  23  3:19  Hellion x2  
  27  3:40  Hellion x2  
  31  3:42  Barracks Tech Lab  
  29  3:56  Factory  
  29  4:01  Hellion  
  29  4:02  Hellion  
  33  4:09  Combat Shield  
  29  4:19  Marine  
  29  4:22  Marauder  
  28  4:30  Hellion  
  28  4:31  Hellion  
  32  4:37  Marine  
  33  4:43  Marauder  
  35  4:52  Hellion x2  
  34  5:05  Marauder  
  35  5:14  Hellion x2  
  35  5:29  Starport  
  35  5:35  Hellion x2  
  24  6:36  Hellion x2  
  24  6:37  Marine  
  29  6:45  Factory Tech Lab  
  29  6:55  Barracks Tech Lab, Marine  
  29  6:57  Hellion  
  28  7:06  Starport Tech Lab  
  28  7:13  Armory  
  30  7:25  Supply Depot  
Show
View Real Time Build Order
Export as new Build Order

A.I. 1 (Hard) Terran - Winner!

Build Orders:  

Get SALT Encoding   

  12  0:00  SCV  
  13  0:13  SCV  
  14  0:19  Supply Depot  
  14  0:25  SCV  
  15  0:41  SCV  
  16  0:45  Barracks  
  16  0:49  Refinery  
  16  0:53  SCV  
  17  1:05  SCV  
  18  1:17  SCV  
  19  1:23  Supply Depot  
  19  1:29  SCV  
  19  1:32  Marine  
  21  1:42  Orbital Command  
  21  1:50  Barracks Tech Lab  
  21  1:53  Barracks  
  21  2:02  Supply Depot  
  21  2:08  Marine  
  22  2:24  SCV  
  22  2:26  Marine  
  24  2:32  Refinery  
  24  2:36  SCV  
  25  2:38  Supply Depot  
  25  2:40  Marine  
  28  2:44  Marauder  
  28  2:48  SCV, Engineering Bay  
  29  2:58  Marine  
  30  3:00  SCV  
  33  3:05  Marauder  
  33  3:12  SCV  
  34  3:24  SCV  
  37  3:27  Marauder  
  37  4:07  Barracks Tech Lab, Marine  
  37  4:08  Factory, Stimpack  
  38  4:11  Supply Depot  
  38  4:20  Missile Turret  
  38  4:21  Terran Infantry Weapons Level 1  
  37  4:25  Combat Shield, Marine  
  37  4:28  Missile Turret  
  38  4:49  Bunker  
  38  4:53  Factory Tech Lab, Marine  
  35  5:00  Factory  
  35  5:02  Marine  
  34  5:11  Marine  
  33  5:21  Marine  
  34  5:31  Marauder  
  34  5:33  Barracks  
  34  5:35  Command Center  
  34  5:40  Siege Tank  
  37  5:43  Factory Tech Lab  
  37  5:49  Marauder  
  38  5:58  Marine  
  36  6:10  Marine  
  34  6:17  Marine  
  33  6:28  Starport, Marauder  
  35  6:35  Marine  
  35  6:45  Marine  
  35  6:54  Marine  
  35  6:55  SCV  
  35  6:56  SCV  
  35  6:58  Missile Turret  
  38  7:05  Starport Tech Lab  
  38  7:07  SCV, Missile Turret  
  43  7:08  SCV  
  43  7:10  Refinery  
  43  7:14  Refinery  
Tags
 
Matchup
TvT
Race
Terran
Spawn Locations
Cross Positions
Add a new tag
Caveats
  • Supply blocks, unpowered buildings, or Contaminate may cause inaccurate times.
  • Supply counts are checked every 10 seconds.